 Dungeon Crawl Stone Soup version 0.16.0-1-gbc1383b (console) character file.

229 gw the Skirmisher (level 5, 0/42 HPs)
             Began as a Mummy Chaos Knight on Mar 14, 2015.
             Slain by an orc
             ... wielding a +2 falchion of holy wrath
              (1 damage)
             ... on level 3 of the Dungeon.
             The game lasted 00:02:22 (2829 turns).

gw the Skirmisher (Mummy Chaos Knight)              Turns: 2829, Time: 00:02:22

Health: 0/42       AC:  6    Str: 15    XL:     5   Next: 71%
Magic:  5/5        EV: 10    Int: 11    God:    Xom [.*....]
Gold:   119        SH:  0    Dex: 12    Spells: 0 memorised, 4 levels left

rFire  x . .     SeeInvis .     b - +0 flail
rCold  + . .     Clarity  .     e - +0 ring mail
rNeg   + + +     SustAb   .     (no shield)
rPois  ∞         Gourm    .     (no helmet)
rElec  .         Spirit   .     (no cloak)
rCorr  .         Warding  .     f - +0 pair of gloves
rMut   .         Stasis   .     (no boots)
MR     .....                    (no amulet)
Stlth  +.........               (no ring)
                                (no ring)

@: not resistant to hostile enchantments, very unstealthy
A: no food or potions, fire vulnerability, restore body, cold resistance 1,
negative energy resistance 3, poison resistance, torment resistance, unbreathing
a: Renounce Religion


You were on level 3 of the Dungeon.
You worshipped Xom.
You were a plaything of Xom.
You were not hungry.

You visited 1 branch of the dungeon, and saw 3 of its levels.

You collected 119 gold pieces.

Inventory:

Hand weapons
 b - a +0 flail (weapon)
Missiles
 d - 109 stones (quivered)
Armour
 e - a +0 ring mail (worn)
 f - a +0 pair of gloves (worn)
Scrolls
 c - a scroll of remove curse
 g - a scroll of teleportation {unknown}
 h - a scroll of fear {unknown}
 i - a scroll of blinking {unknown}


   Skills:
 + Level 3.9 Fighting
 * Level 3.7 Maces & Flails
 + Level 2.0 Throwing
 + Level 2.6 Armour
 - Level 0.7 Dodging


You had 4 spell levels left.
You didn't know any spells.

Dungeon Overview and Level Annotations

Branches:
Dungeon (3/15)

Altars:


Innate Abilities, Weirdness & Mutations

You do not eat or drink.
Your flesh is vulnerable to fire.
Your flesh is cold resistant.
You are immune to negative energy.
Your system is resistant to poisons.
You are immune to unholy pain and torment.
You can survive without breathing.


Message History

Unknown command.
Unknown command.
Unknown command.
ATTACK MOVE TO (-1,1)
You hit the orc wizard!
The orc wizard is heavily wounded.
The orc wizard looks braver.
The orc hits you but does no damage.
Unknown command.
Unknown command.
Unknown command.
Unknown command.
ATTACK MOVE TO (-1,1)
You hit the orc wizard!
You kill the orc wizard!
Your Throwing skill increases to level 2!
The orc hits you with a dagger.
The orc hits you with a falchion of holy wrath.
You die... "I guess I need a new plaything now."

### ..# . #.#
######## ... #.#
##......##
#..###M####..#.......
#...(o(o%...!..#
#(####.##.....##
#.###...####.# #.#
##.......# ..#
#.####### ### #.#
##'## # ##...## #.


You could see 2 orcs.

Table legend:
 A = Turns spent in this place as a percentage of turns spent in the entire game.
 B = Non-inter-level travel turns spent in this place as a percentage of non-inter-level travel turns spent in the entire game.
 C = Inter-level travel turns spent in this place as a percentage of turns spent in this place.
 D = Turns resting spent in this place as a percentage of non-inter-level travel turns spent in this place.
 E = Turns spent auto-exploring this place as a percentage of non-inter-level travel turns spent in this place.
 F = Non-inter-level travel turns spent in this place divided by the number of levels of this place that you've seen.
                   A       B       C       D       E      F
               +-------+-------+-------+-------+-------+----------------------
         Total | 100.0 | 100.0 |   0.0 |   1.1 |   2.4 | 1471.3
       Dungeon | 100.0 | 100.0 |   0.0 |   1.1 |   2.4 | 1471.3
               +-------+-------+-------+-------+-------+----------------------

Table legend:
 A = Kills in this place as a percentage of kills in entire the game.
 B = Kills by you in this place as a percentage of kills by you in the entire game.
 C = Kills by friends in this place as a percentage of kills by friends in the entire game.
 D = Other kills in this place as a percentage of other kills in the entire game.
 E = Experience gained in this place as a percentage of experience gained in the entire game.
 F = Experience gained in this place divided by the number of levels of this place that you have seen.
                   A       B       C       D       E      F
               +-------+-------+-------+-------+-------+----------------------
         Total | 100.0 | 100.0 |  -nan |  -nan | 100.0 | 109.3
       Dungeon | 100.0 | 100.0 |  -nan |  -nan | 100.0 | 109.3
               +-------+-------+-------+-------+-------+----------------------

Vanquished Creatures
  A giant frog skeleton (D:3)
  2 orc priests (D:3)
  An orc wizard (D:3)
  4 adders (D:2)
  A giant mite (D:3)
  An ufetubus (D:3)
  2 giant geckos
  An ooze (D:2)
  5 orcs (D:3)
  9 goblins
  10 hobgoblins
  3 jackals (D:3)
  6 kobolds
  A quokka (D:2)
  A ball python (D:1)
  5 bats
  3 giant cockroaches
  3 giant newts
  6 rats
65 creatures vanquished.

Notes
Turn   | Place    | Note
--------------------------------------------------------------
     0 | D:1      | gw, the Mummy Chaos Knight, began the quest for the Orb.
     0 | D:1      | Reached XP level 1. HP: 18/18 MP: 1/1
    11 | D:1      | Noticed a polar bear
    11 | D:1      | Noticed an iguana
    12 | D:1      | Noticed a worker ant
    18 | D:1      | Noticed an anaconda
   319 | D:1      | Reached XP level 2. HP: 20/24 MP: 2/2
   958 | D:2      | Reached XP level 3. HP: 27/29 MP: 3/3
  1134 | D:2      | XOM: divination: magic mapping
  1172 | D:2      | Reached skill level 1 in Throwing
  1438 | D:2      | Reached XP level 4. HP: 35/35 MP: 4/4
  1957 | D:3      | XOM: divination: magic mapping
  1958 | D:3      | Reached XP level 5. HP: 2/41 MP: 5/5
  1960 | D:3      | HP: 2/41 [orc/short sword (1)]
  2360 | D:3      | XOM: colour smoke trail
  2408 | D:3      | XOM is BORED!
  2408 | D:3      | XOM: summons 1 hostile demon
  2520 | D:3      | XOM: noise
  2680 | D:3      | XOM: harmless Chrm miscast
  2711 | D:3      | XOM: harmless Chrm miscast
  2827 | D:3      | HP: 2/42 [orc wizard/puff of flame (10)]
  2829 | D:3      | Slain by an orc

Action                   |  1- 3 |  4- 6 || total
-------------------------+-------+-------++-------
Melee: Mace              |    98 |    30 ||   128
       Flail             |       |    29 ||    29
Throw: Stone             |   113 |    43 ||   156
       Tomahawk          |       |     6 ||     6
  Use: Scroll            |     4 |     1 ||     5

Vault maps used:
D:1:      onia_arrival_zoo_common
D:2:      minmay_distorted
D:3:      uniq_grinder
